cohdb
Replays
Latest Replays
All Replays
Popular Replays
Top Player Replays
Match Explorer
How It Works
Community
CoH3 Stats
Reddit
Sign in to upload your games and track your stats! →
Sign in with Steam
Match 40255218
Unlisted
Match 40255218
Overview
Messages
Build Orders
End
Kradschützen Motorcycle Team
Panzerpioneer Squad
Panzerpioneer Squad
250 Light Carrier
Selects Panzerjäger Kommand Battlegroup
Construct Light Support Kompanie
Panzerpioneer Squad
Selects GrB 39 Grenade Launcher Requisition
Selects Mine Fields
MG34 Team
Combat Half-tracks
Panzerpioneer Squad
Construct Mechanized Kompanie
Support Armor Elements
StuG III D Assault Gun
StuG III D Assault Gun
Selects Defensive Positions
2.5-tonne Medical Truck
Vehicle Survival Package
Panzerpioneer Squad
StuG III D Assault Gun
Selects Butterfly Bomb Drop
Selects Crew Shock Tactics
Emergency Repair Kits
jooooooohn
DibbeTC
0
0
Comments
sign in to comment!
No comments posted yet!